 Dungeon Crawl Stone Soup version 0.26-a0-660-gc07710193c (webtiles) character file.

Game seed: 11728891421836675703

33957 MrRokkomies the Quickloader (level 13, -3/153 HPs)
             Began as a Gnoll Wanderer on Oct 7, 2020.
             Was a High Priest of Jiyva.
             Slain by a hell rat (5 damage)
             ... on level 4 of the Lair of Beasts.
             The game lasted 00:29:01 (18504 turns).

MrRokkomies the Quickloader (Gnoll Wanderer)       Turns: 18504, Time: 00:29:01

Health: -3/153     AC: 30    Str: 17    XL:     13   Next: 74%
Magic:  24/25      EV:  2    Int: 16    God:    Jiyva [*****.]
Gold:   582        SH:  0    Dex: 14    Spells: 29/29 levels left

rFire    + . .     SeeInvis .   a - +6 battleaxe of Wah Ysch {drain, rC+ Str+4 Int-4}
rCold    + + .     Faith    .   (shield currently unavailable)
rNeg     + + +     Spirit   .   (armour currently unavailable)
rPois    +         Reflect  .   (helmet currently unavailable)
rElec    .         Harm     .   (cloak currently unavailable)
rCorr    +         Rampage  .   (gloves currently unavailable)
MR       .....     NoTele   +   (boots currently unavailable)
Stlth    ++++......             (no amulet)
HPRegen  0.35/turn              A - +4 ring of protection
MPRegen  0.19/turn              l - ring of Dezuabbu {rF+ rC+ rN+}

@: mighty, tree-form, marked, lightly drained
A: distributed training, dopey 1, mutation resistance 1, wild magic 1, strong
nose
a: Request Jelly, Slimify, Cure Bad Mutation, Renounce Religion


You were on level 4 of the Lair of Beasts.
You worshipped Jiyva.
Jiyva was extremely pleased with you.
You were a tree.
You visited 2 branches of the dungeon, and saw 17 of its levels.

You collected 582 gold pieces.

Inventory:

Hand Weapons
 a - the +6 battleaxe of Wah Ysch (weapon) {drain, rC+ Str+4 Int-4}
   (You found it on level 10 of the Dungeon)

   A truly terrible weapon, it drains the life of those it strikes.
   It affects your strength (+4).
   It affects your intelligence (-4).
   It protects you from cold.
 b - a +0 arbalest
 k - a +4 scimitar of flaming
 G - the +9 spear "Borumi" {freeze, rElec rF- rN+++ Str-3 Stlth+}
   (You found it on level 10 of the Dungeon)

   It has been specially enchanted to freeze those struck by it, causing extra
   injury to most foes and up to half again as much damage against particularly
   susceptible opponents.
   It can also slow down cold-blooded creatures.
   It affects your strength (-3).
   It makes you vulnerable to fire.
   It insulates you from electricity.
   It renders you almost immune to negative energy.
   It makes you more stealthy.
 I - a +2 hand crossbow
Missiles
 d - 29 poisoned darts (quivered)
 e - 85 bolts
 t - 8 javelins
Armour
 f - a +2 robe of the Archmagi
 n - a scarf of repulsion (melded)
 q - a +0 pair of boots (melded)
 r - a +2 chain mail of poison resistance (melded)
 y - a +1 helmet
 N - the +0 ring mail of Fedhas's Reproof {rC+ rN+ MR- Str+2}
   (You found it on level 3 of the Lair of Beasts)

   It affects your strength (+2).
   It protects you from cold.
   It protects you from negative energy.
   It affects your resistance to hostile enchantments.
Jewellery
 l - the ring of Dezuabbu (right branch) {rF+ rC+ rN+}
   (You found it on level 11 of the Dungeon)

   [ring of protection from fire]

   It protects you from fire.
   It protects you from cold.
   It protects you from negative energy.
 v - an uncursed ring of magical power
 A - a +4 ring of protection (left branch)
 B - an uncursed amulet of magic regeneration
 K - an uncursed ring of wizardry {unknown}
Wands
 h - a wand of random effects (25)
 u - a wand of iceblast (8)
 C - a wand of acid (8)
 E - a wand of flame (26)
 F - a wand of enslavement (8)
Scrolls
 g - 6 scrolls of remove curse
 i - 2 scrolls of magic mapping
 m - a scroll of enchant armour
 x - 4 scrolls of identify
Potions
 c - 4 potions of flight
 j - 5 potions of brilliance
 o - 2 potions of lignification
 p - 3 potions of degeneration
 D - a potion of magic
 J - 2 potions of might
 M - a potion of stabbing {unknown}
Miscellaneous
 H - a box of beasts (3/3)


   Skills:
 + Level 9.7 Fighting
 + Level 8.5 Short Blades
 + Level 8.5 Long Blades
 + Level 8.5 Axes
 + Level 8.5 Maces & Flails
 + Level 8.5 Polearms
 + Level 8.5 Staves
 + Level 8.5 Slings
 + Level 8.5 Bows
 + Level 10.7(10.6) Crossbows
 + Level 9.0(8.9) Throwing
 + Level 8.5 Armour
 + Level 8.5 Dodging
 + Level 10.4(10.3) Stealth
 + Level 8.5 Shields
 + Level 8.5 Unarmed Combat
 + Level 8.5 Spellcasting
 + Level 7.1 Conjurations
 + Level 7.1 Hexes
 + Level 7.1 Summonings
 + Level 7.1 Necromancy
 + Level 7.1 Translocations
 + Level 7.1 Transmutations
 + Level 7.1 Fire Magic
 + Level 7.1 Ice Magic
 + Level 7.1 Air Magic
 + Level 7.1 Earth Magic
 + Level 7.1 Poison Magic
 + Level 9.3 Invocations
 + Level 9.0(8.9) Evocations


You had 29 spell levels left.
You didn't know any spells.
Your spell library contained the following spells:

 Spells                   Type           Power        Failure   Level
 Magic Dart               Conj           ####         1%          1
 Searing Ray              Conj           #####.       1%          2
 Dazzling Flash           Conj/Hex       #####.       3%          3
 Fulminant Prism          Conj/Hex       #####.....   10%         4
 Iskenderun's Mystic Bla  Conj/Tloc      #####...     10%         4


Dungeon Overview and Level Annotations

Branches:
Dungeon (11/15)            Temple (0/1) D:6            Lair (6/6) D:11
 Spider (0/4) Lair:3        Slime (0/5) Lair:5          Orc (0/2) D:11
  Swamp: Lair:2-4    Shoals: Lair:2-4

Altars:
Dithmenos
Elyvilon
Fedhas
Gozag
Hepliaklqana
Kikubaaqudgha
Okawaru
Qazlal
Ru
Sif Muna
Uskayaw
Yredelemnul
The Shining One
Beogh
Jiyva

Shops:
D:9 [   D:10 [

Annotations:
D:4 3 runed translucent doors, MrRokkomies's ghost, amateur GnWn


Innate Abilities, Weirdness & Mutations

Your experience applies equally to all skills.
((You have very sharp teeth.))
Your uncanny sense of smell can sniff out nearby items.
((You have a pair of small horns on your head.))
You are dopey. (Int -2)
You are somewhat resistant to further mutation.
Your spells are a little harder to cast, but a little more powerful.
((Your body has grown many golden eyes which may confuse attackers. (Acc +5)))
((Your translucent skin slightly reduces your foes' accuracy. (Stealth)))
((You have a small jelly attached to you that may absorb incoming projectiles.))


Message History

The hell rat is severely wounded.
You slice the hell rat!!
You kill the hell rat!
You slash the bullfrog! You slash the yak! You drain the yak.
You slash the wyvern! You closely miss the komodo dragon.
You barely miss the wyvern. You barely miss the hell rat.
The hell rat bites you.
* * * LOW HITPOINT WARNING * * *
The wyvern bites you but does no damage.
The hell rat bites you but does no damage.
A hell rat comes into view.
The yak gores you but does no damage.
The wyvern bites you but does no damage.
The bullfrog hits you but does no damage.
The komodo dragon bites you.
* * * LOW HITPOINT WARNING * * *
The hell rat bites you.
* * * LOW HITPOINT WARNING * * *
The hell rat bites you.
You die...

#. ######
##.###....##
#..........##
###.........P#
............#
....[Yll....#
#.YYllY...#
##lYll7Fr..#
#..lYrrr...#
###P##lr.### #
#r.## #.## #.#
#.## ##r.#
#.>##


You could see a komodo dragon (drained), 6 yaks, 8 wyverns, a bullfrog and 7
hell rats.

Vanquished Creatures
  A boulder beetle (Lair:5)
  2 death yaks
  A two-headed ogre (D:10)
  A harpy (Lair:6)
  A wolf spider (Lair:3)
  2 manticores
  A centaur zombie (D:11)
  2 cyclopes (D:11)
  An elephant (Lair:6)
  Joseph (D:9)
  5 black mambas
  Maurice (D:11)
  2 gargoyles
  9 cane toads
  5 rime drakes
  An efreet (D:11)
  10 komodo dragons
  3 polar bears
  Grinder (D:2)
  A tengu conjurer (D:10)
  3 hornets (Lair:6)
  Prince Ribbit (D:6)
  A wind drake (Lair:6)
  6 blink frogs
  9 dream sheep
  Sigmund (D:2)
  A wyvern (Lair:3)
  38 yaks
  2 basilisks
  A vampire mosquito (D:10)
  2 soldier ants
  6 water moccasins
  4 orc warriors
  6 ice beasts
  3 sky beasts
  3 black bears
  A phantom (D:6)
  7 ogres
  36 wolves
  4 centaurs
  Blork the orc (D:4)
  6 bullfrogs
  A gnoll sergeant (D:11)
  2 water moccasin zombies (D:8)
  4 scorpions
  9 wights
  An electric eel (D:11)
  2 howler monkeys
  A bullfrog zombie (D:5)
  2 centaur skeletons
  A hound (D:6)
  A jelly (Lair:6)
  6 orc priests
  A gnoll shaman (D:9)
  An iguana (D:7)
  12 orc wizards
  4 hell rats
  Natasha (twice) (D:2)
  3 worker ants
  A hound skeleton (D:8)
  A howler monkey zombie (D:6)
  A worker ant zombie (D:9)
  Robin (D:4)
  9 gnolls
  12 adders
  2 worms
  An adder skeleton (D:10)
  An adder zombie (D:6)
  A dart slug (D:1)
  3 leopard geckos
  31 orcs
  4 ball pythons
  9 bats
  2 giant cockroaches
  14 goblins
  10 hobgoblins
  15 jackals
  4 quokkas
  5 frilled lizards
  4 kobolds
  A quokka skeleton (D:4)
  A quokka zombie (D:8)
  6 rats
385 creatures vanquished.

Vanquished Creatures (collateral kills)
  A boulder beetle (D:11)
  A cane toad (Lair:6)
  A hornet (Lair:6)
  2 yaks (D:11)
5 creatures vanquished.

Vanquished Creatures (others)
  2 acid blobs (Lair:5)
  A merfolk avatar (Lair:6)
  5 death yaks
  Sonja (D:11)
  Pikel (D:4)
  An oklob plant (Lair:6)
  3 cane toads (Lair:6)
  A molten gargoyle (Lair:6)
  A gargoyle (D:10)
  A komodo dragon (Lair:6)
  A polar bear (Lair:6)
  An eye of draining (D:10)
  3 blink frogs
  3 slime creatures
  5 water moccasins (Lair:6)
  A wyvern (Lair:6)
  Menkaure (D:4)
  An orc warrior (D:7)
  2 black bears
  8 wolves (Lair:5)
  An ogre (D:11)
  3 bullfrogs
  A scorpion (D:10)
  2 electric eels (Lair:6)
  119 jellies
  5 hounds
  A bullfrog skeleton (D:10)
  A quasit (D:8)
  5 orc priests
  2 centaur skeletons
  4 orc wizards
  An iguana (D:7)
  A worker ant (D:8)
  A killer bee zombie (D:7)
  A hound skeleton (D:10)
  A gnoll (D:3)
  An adder (D:8)
  2 white imps (D:7)
  2 ufetubi (D:10)
  A worm (D:3)
  2 leopard geckos
  17 orcs
  A giant cockroach (D:3)
  A goblin (D:4)
  A hobgoblin (D:3)
  2 jackals (D:4)
  3 quokkas
  A leopard gecko zombie (D:7)
  2 bushes
  87 fungi
  158 plants
  5 toadstools (Lair:3)
  3 withered plants (D:7)
481 creatures vanquished.

Grand Total: 871 creatures vanquished

Notes
Turn   | Place    | Note
-------+----------+-------------------------------------------
     0 | D:1      | MrRokkomies the Gnoll Wanderer began the quest for the Orb.
     0 | D:1      | MrRokkomies set off with the following items: a +2 hand
                  | crossbow, 24 bolts, a +0 hand axe, 9 poisoned darts, a +0
                  | dagger, a +0 robe
     0 | D:1      | Reached XP level 1. HP: 20/20 MP: 1/1
   166 | D:1      | Reached XP level 2. HP: 26/26 MP: 2/2
   734 | D:2      | Noticed Natasha
   739 | D:2      | Killed Natasha
   739 | D:2      | Reached skill level 1 in Invocations
   739 | D:2      | Reached XP level 3. HP: 31/31 MP: 2/4
   784 | D:2      | Noticed Sigmund
   790 | D:2      | Killed Sigmund
   790 | D:2      | Reached skill level 1 in Short Blades
   790 | D:2      | Reached skill level 1 in Long Blades
   790 | D:2      | Reached skill level 1 in Axes
   790 | D:2      | Reached skill level 1 in Maces & Flails
   790 | D:2      | Reached skill level 1 in Polearms
   790 | D:2      | Reached skill level 1 in Staves
   790 | D:2      | Reached skill level 1 in Slings
   790 | D:2      | Reached skill level 1 in Bows
   790 | D:2      | Reached skill level 1 in Armour
   790 | D:2      | Reached skill level 1 in Dodging
   790 | D:2      | Reached skill level 1 in Shields
   790 | D:2      | Reached skill level 1 in Unarmed Combat
   790 | D:2      | Reached skill level 1 in Spellcasting
   790 | D:2      | Reached skill level 1 in Conjurations
   790 | D:2      | Reached skill level 1 in Hexes
   790 | D:2      | Reached skill level 1 in Summonings
   790 | D:2      | Reached skill level 1 in Necromancy
   790 | D:2      | Reached skill level 1 in Translocations
   790 | D:2      | Reached skill level 1 in Transmutations
   790 | D:2      | Reached skill level 1 in Fire Magic
   790 | D:2      | Reached skill level 1 in Ice Magic
   790 | D:2      | Reached skill level 1 in Air Magic
   790 | D:2      | Reached skill level 1 in Earth Magic
   790 | D:2      | Reached skill level 1 in Poison Magic
   790 | D:2      | Reached XP level 4. HP: 38/38 MP: 4/6
   790 | D:2      | Reached XP level 5. HP: 43/43 MP: 4/7
   880 | D:2      | HP: 2/43 [worm (8)]
  1203 | D:2      | Reached XP level 6. HP: 50/50 MP: 8/8
  1268 | D:2      | Noticed Natasha
  1286 | D:2      | Killed Natasha
  1553 | D:2      | Found a shadowy altar of Dithmenos.
  1793 | D:2      | Found a shimmering blue altar of Sif Muna.
  1880 | D:3      | Noticed Grinder
  1894 | D:2      | Killed Grinder
  1894 | D:2      | Reached skill level 5 in Fighting
  1894 | D:2      | Reached XP level 7. HP: 53/56 MP: 8/10
  1977 | D:3      | Found a faded altar of an unknown god.
  2099 | D:3      | Became a worshipper of Jiyva Juwar the Shapeless
  2099 | D:3      | Reached * piety under Jiyva
  2588 | D:3      | Reached ** piety under Jiyva
  3431 | D:4      | Noticed Robin
  3433 | D:4      | Killed Robin
  3669 | D:4      | Killed Pikel
  3671 | D:4      | Reached *** piety under Jiyva
  3671 | D:4      | Gained mutation: Your skin changes colour to match your
                  | surroundings (Stealth+). [Jiyva's grace]
  3691 | D:4      | Found a runed translucent gate.
  3691 | D:4      | Found an opulent altar of Gozag.
  3691 | D:4      | Found a runed translucent gate.
  3692 | D:4      | Found a runed translucent gate.
  3692 | D:4      | Noticed MrRokkomies's ghost (amateur GnWn)
  3719 | D:4      | Reached XP level 8. HP: 58/63 MP: 12/12
  3832 | D:4      | Reached **** piety under Jiyva
  3845 | D:4      | Gained mutation: Your flesh is cold resistant. (rC+)
                  | [Jiyva's grace]
  3936 | D:4      | Noticed Blork the orc
  3954 | D:4      | Killed Blork the orc
  4018 | D:4      | Killed Menkaure
  4083 | D:4      | Found a roughly hewn altar of Beogh.
  4470 | D:5      | Entered Level 5 of the Dungeon
  4496 | D:5      | Found a hazy altar of Hepliaklqana.
  4988 | D:5      | Gained mutation: You have sharp toenails. [Jiyva's grace]
  5060 | D:6      | Found a staircase to the Ecumenical Temple.
  5298 | D:6      | Found a white marble altar of Elyvilon.
  5362 | D:6      | Noticed Prince Ribbit
  5376 | D:6      | Killed Prince Ribbit
  5376 | D:6      | Reached XP level 9. HP: 55/69 MP: 14/14
  5388 | D:6      | Reached ***** piety under Jiyva
  5463 | D:6      | Found a glowing golden altar of the Shining One.
  5551 | D:6      | Found an iron altar of Okawaru.
  5637 | D:6      | Gained mutation: Your mind is acute. (Int +2) [Jiyva's
                  | grace]
  6096 | D:6      | Found an opulent altar of Gozag.
  6102 | D:6      | Reached skill level 5 in Throwing
  6102 | D:6      | Reached skill level 5 in Evocations
  6507 | D:7      | Found a stormy altar of Qazlal.
  6623 | D:7      | Found a blossoming altar of Fedhas.
  6629 | D:7      | Found an ancient bone altar of Kikubaaqudgha.
  6658 | D:7      | Lost mutation: Your skin changes colour to match your
                  | surroundings (Stealth+). [Jiyva's grace]
  6658 | D:7      | Gained mutation: Your translucent skin slightly reduces
                  | your foes' accuracy. (Stealth) [Jiyva's grace]
  7007 | D:7      | Lost mutation: Your mind is acute. (Int +2) [Jiyva's grace]
  7012 | D:7      | Reached ****** piety under Jiyva
  7257 | D:7      | Found a hide-covered altar of Uskayaw.
  7377 | D:8      | Reached skill level 5 in Invocations
  7391 | D:8      | Lost mutation: Your translucent skin slightly reduces your
                  | foes' accuracy. (Stealth) [Jiyva's grace]
  7478 | D:8      | Gained mutation: Your translucent skin slightly reduces
                  | your foes' accuracy. (Stealth) [Jiyva's grace]
  7515 | D:8      | Lost mutation: Your flesh is cold resistant. (rC+) [Jiyva's
                  | grace]
  7564 | D:8      | Found a sacrificial altar of Ru.
  7576 | D:8      | Found a basalt altar of Yredelemnul.
  7930 | D:9      | Reached XP level 10. HP: 65/77 MP: 17/17
  8193 | D:9      | Found a blossoming altar of Fedhas.
  8381 | D:9      | Found Tacusmyq's Armour Shop.
  8395 | D:9      | Noticed Joseph
  8409 | D:9      | Killed Joseph
  8409 | D:9      | Reached skill level 5 in Short Blades
  8409 | D:9      | Reached skill level 5 in Long Blades
  8409 | D:9      | Reached skill level 5 in Axes
  8409 | D:9      | Reached skill level 5 in Maces & Flails
  8409 | D:9      | Reached skill level 5 in Polearms
  8409 | D:9      | Reached skill level 5 in Staves
  8409 | D:9      | Reached skill level 5 in Slings
  8409 | D:9      | Reached skill level 5 in Bows
  8409 | D:9      | Reached skill level 5 in Armour
  8409 | D:9      | Reached skill level 5 in Dodging
  8409 | D:9      | Reached skill level 5 in Shields
  8409 | D:9      | Reached skill level 5 in Unarmed Combat
  8409 | D:9      | Reached skill level 5 in Spellcasting
  8837 | D:10     | Entered Level 10 of the Dungeon
  9182 | D:10     | Got a warped spear
  9195 | D:10     | Got a brightly glowing battleaxe
  9196 | D:10     | Identified the +6 battleaxe of Wah Ysch {drain, rC+ Str+4
                  | Int-4} (You found it on level 10 of the Dungeon)
  9197 | D:10     | Identified the +9 spear "Borumi" {freeze, rElec rF- rN+++
                  | Str-3 Stlth+} (You found it on level 10 of the Dungeon)
  9224 | D:10     | Gained mutation: Your rubbery body absorbs attacks. (AC +1,
                  | EV +1) [Jiyva's grace]
  9264 | D:10     | Found Mowk's Armour Boutique.
  9313 | D:10     | Noticed a gargoyle
  9347 | D:10     | Killed a gargoyle
  9347 | D:10     | Noticed a gargoyle
  9356 | D:10     | Killed a gargoyle
  9401 | D:10     | Gained mutation: You are partially covered in slimy green
                  | scales. (AC +2) [Jiyva's grace]
  9571 | D:10     | Lost mutation: Your translucent skin slightly reduces your
                  | foes' accuracy. (Stealth) [Jiyva's grace]
  9659 | D:10     | Noticed a manticore
  9668 | D:10     | Killed a manticore
  9825 | D:10     | Noticed a two-headed ogre
  9833 | D:10     | Killed a two-headed ogre
  9833 | D:10     | Reached XP level 11. HP: 73/84 MP: 19/19
  9901 | D:10     | Reached skill level 5 in Conjurations
  9901 | D:10     | Reached skill level 5 in Hexes
  9901 | D:10     | Reached skill level 5 in Summonings
  9901 | D:10     | Reached skill level 5 in Necromancy
  9901 | D:10     | Reached skill level 5 in Translocations
  9901 | D:10     | Reached skill level 5 in Transmutations
  9901 | D:10     | Reached skill level 5 in Fire Magic
  9901 | D:10     | Reached skill level 5 in Ice Magic
  9901 | D:10     | Reached skill level 5 in Air Magic
  9901 | D:10     | Reached skill level 5 in Earth Magic
  9901 | D:10     | Reached skill level 5 in Poison Magic
 10057 | D:10     | Lost mutation: You are partially covered in slimy green
                  | scales. (AC +2) [Jiyva's grace]
 10104 | D:11     | Noticed a boulder beetle
 10117 | D:11     | Killed a boulder beetle
 10290 | D:11     | Noticed a cyclops
 10304 | D:11     | Killed Sonja
 10309 | D:11     | Gained mutation: Your translucent skin slightly reduces
                  | your foes' accuracy. (Stealth) [Jiyva's grace]
 10312 | D:11     | Killed a cyclops
 10363 | D:11     | HP: 3/86 [yak (12)]
 10978 | D:11     | Noticed Maurice
 10992 | D:11     | Killed Maurice
 11000 | D:11     | Noticed a death ooze
 11071 | D:11     | Gained mutation: Your body has grown golden eyes which may
                  | confuse attackers. (Acc +3) [Jiyva's grace]
 11291 | D:11     | Lost mutation: You have sharp toenails. [Jiyva's grace]
 11534 | D:11     | Noticed a death yak
 11543 | D:11     | Killed a death yak
 11631 | D:11     | Gained mutation: You are clumsy. (Dex -2) [Jiyva's grace]
 11730 | D:11     | Found a staircase to the Lair.
 11731 | D:11     | Noticed a cyclops
 11738 | D:11     | Killed a cyclops
 11754 | D:11     | Got a brightly glowing ivory ring
 11755 | D:11     | Identified the ring of Dezuabbu {rF+ rC+ rN+} (You found it
                  | on level 11 of the Dungeon)
 11983 | D:11     | Reached XP level 12. HP: 94/94 MP: 22/22
 12063 | D:11     | Found a staircase to the Orcish Mines.
 12328 | Lair:1   | Entered Level 1 of the Lair of Beasts
 13728 | Lair:2   | Gained mutation: Your flesh is cold resistant. (rC+)
                  | [Jiyva's grace]
 14057 | Lair:3   | Reached skill level 10 in Crossbows
 14063 | Lair:3   | Lost mutation: Your rubbery body absorbs attacks. (AC +1,
                  | EV +1) [Jiyva's grace]
 14101 | Lair:3   | Noticed a seven-headed hydra
 14106 | Lair:3   | Slimified a seven-headed hydra
 14106 | Lair:3   | Noticed an acid blob
 14106 | Lair:3   | a seven-headed hydra changed into an acid blob
 14145 | Lair:3   | Killed a death yak
 14389 | Lair:3   | Gained mutation: Your body has grown many golden eyes which
                  | may confuse attackers. (Acc +5) [Jiyva's grace]
 14399 | Lair:3   | Found a hole to the Spider Nest.
 14432 | Lair:3   | Got a distressingly furry ring mail
 14443 | Lair:3   | Identified the cursed +0 ring mail of Fedhas's Reproof {rC+
                  | rN+ MR- Str+2} (You found it on level 3 of the Lair of
                  | Beasts)
 14872 | Lair:3   | You fall into a shaft and drop 3 floors!
 14872 | Lair:6   | Entered Level 6 of the Lair of Beasts
 14883 | Lair:6   | Noticed a merfolk avatar
 14885 | Lair:6   | Noticed a dire elephant
 14894 | Lair:6   | Slimified a dire elephant
 14894 | Lair:6   | a dire elephant changed into a slime creature
 14899 | Lair:6   | Lost mutation: You are clumsy. (Dex -2) [Jiyva's power]
 14927 | Lair:6   | Gained mutation: You are covered in slimy tendrils that may
                  | disarm your opponents. [Jiyva's grace]
 14994 | Lair:6   | Reached XP level 13. HP: 64/101 MP: 24/24
 15166 | Lair:6   | Gained mutation: You are dopey. (Int -2) [Jiyva's grace]
 15378 | Lair:6   | Reached skill level 10 in Stealth
 15539 | Lair:6   | Noticed an azure jelly
 15539 | Lair:6   | a death yak changed into an azure jelly
 15541 | Lair:6   | Noticed an azure jelly
 15541 | Lair:6   | a death yak changed into an azure jelly
 15576 | Lair:6   | Noticed an acid blob
 15576 | Lair:6   | a death yak changed into an acid blob
 15799 | Lair:6   | Gained mutation: You are somewhat resistant to further
                  | mutation. [Jiyva's grace]
 16886 | Lair:6   | Lost mutation: Your flesh is cold resistant. (rC+) [potion
                  | of mutation]
 16886 | Lair:6   | Lost mutation: You are covered in slimy tendrils that may
                  | disarm your opponents. [potion of mutation]
 17098 | Lair:6   | Gained mutation: You have a small jelly attached to you
                  | that may absorb incoming projectiles. [Jiyva's grace]
 17390 | Lair:5   | Gained mutation: You have a pair of small horns on your
                  | head. [Jiyva's grace]
 17616 | Lair:5   | Noticed an acid blob
 17616 | Lair:5   | a death yak changed into an acid blob
 17619 | Lair:5   | Killed an acid blob
 17622 | Lair:5   | Noticed an acid blob
 17622 | Lair:5   | a death yak changed into an acid blob
 17627 | Lair:5   | Killed an acid blob
 17681 | Lair:5   | Gained mutation: Your spells are a little harder to cast,
                  | but a little more powerful. [Jiyva's grace]
 18051 | Lair:5   | Noticed an acid blob
 18051 | Lair:5   | an eight-headed hydra changed into an acid blob
 18111 | Lair:5   | Noticed an azure jelly
 18111 | Lair:5   | a five-headed hydra changed into an azure jelly
 18286 | Lair:5   | Found a viscous altar of Jiyva.
 18286 | Lair:5   | Found a staircase to the Slime Pits.
 18504 | Lair:4   | HP: 7/153 [hell rat (6)]
 18504 | Lair:4   | HP: 2/153 [hell rat (4)]
 18504 | Lair:4   | Slain by a hell rat

Illustrated notes

Levels and vault maps discovered:
D:1:      minmay_arrival_loop, layout_loops_cross
D:2:      layout_basic, lemuel_blue_sif_altar, nicolae_dithmenos_shadow_blocks,
          uniq_natasha, uniq_sigmund
D:3:      cheibrodos_old_hovel, layout_basic,
          chequers_ecumenical_altar_simple_redux, minmay_checkerbox,
          uniq_grinder
D:4:      layout_loops_ring, ebering_ghost_gozag, kennysheep_orc_chapel,
          uniq_menkaure, uniq_blork_the_orc, uniq_pikel, uniq_robin
D:5:      layout_rooms, lemuel_doored_altar, minmay_fountain_box
D:6:      layout_basic, nicolae_overflow_crystal_walls, old_standard_altar,
          old_standard_altar, grunt_gozag_statues, minmay_temple_entry_glass,
          serial_co_window_serial, co_window_paths_a, co_window_paths_a,
          co_window_of_opportunity_a, co_window_corner_a,
          co_window_of_opportunity_a, co_window_corner_a, co_window_broadway_c,
          co_window_corner_b, co_window_broadway_a, co_window_unsneaky_path_b,
          glass_columns_a, glass_columns_a, uniq_prince_ribbit1
D:7:      layout_basic, grunt_temple_overflow_growth_and_decay,
          lemuel_crystal_altar, nicolae_overflow_hidden_temple
D:8:      layout_loops_ring, kennysheep_mini, wad_floor_pattern_2,
          nicolae_ru_awakened_eye
D:9:      layout_basic, basic_altar, serial_shops,
          nicolae_shop_temple_entry_statues_fountains, uniq_joseph
D:10:     minmay_imperfect_grid, layout_long_grid, serial_shops,
          kennysheep_mini_moat
D:11:     argonaut_augean_stables, layout_cave_pods, lair_entry_dummy,
          orc_0_dummy, uniq_sonja, uniq_maurice
Lair:1:   layout_roguey
Lair:2:   layout_long_grid
Lair:3:   gammafunk_lair_enchanted_lake, layout_gridlike,
          spider_nest_entry_rubble, lemuel_fruit_tree
Lair:4:   layout_roguey [special_room_mythical_zoo], minmay_swamp_entry_worms,
          beast_lair_carwin_1
Lair:5:   layout_roguey, dpeg_slime_entry_enclosed_altar,
          grunt_forest_large_clearings
Lair:6:   gammafunk_lair_ancient_temple, layout_gridlike, serial_bayou_shore_a

Skill      XL: |  1  2  3  4  5  6  7  8  9 10 11 12 13 |
---------------+----------------------------------------+-----
Stealth        | 6 7 8 9 10 | 10.4
Invocations    | 1 2 3 4 5 6 7 8 9 |  9.3
Short Blades   | 1 2 3 4 5 6 7 8 |  8.5
Long Blades    | 1 2 3 4 5 6 7 8 |  8.5
Axes           | 1 2 3 4 5 6 7 8 |  8.5
Maces & Flails | 1 2 3 4 5 6 7 8 |  8.5
Polearms       | 1 2 3 4 5 6 7 8 |  8.5
Staves         | 1 2 3 4 5 6 7 8 |  8.5
Slings         | 1 2 3 4 5 6 7 8 |  8.5
Bows           | 1 2 3 4 5 6 7 8 |  8.5
Throwing       | 3 4 5 6 7 8 9 |  9.0
Armour         | 1 2 3 4 5 6 7 8 |  8.5
Dodging        | 1 2 3 4 5 6 7 8 |  8.5
Shields        | 1 2 3 4 5 6 7 8 |  8.5
Unarmed Combat | 1 2 3 4 5 6 7 8 |  8.5
Spellcasting   | 1 2 3 4 5 6 7 8 |  8.5
Conjurations   | 1 2 3 4 5 6 7 |  7.1
Hexes          | 1 2 3 4 5 6 7 |  7.1
Summonings     | 1 2 3 4 5 6 7 |  7.1
Necromancy     | 1 2 3 4 5 6 7 |  7.1
Translocations | 1 2 3 4 5 6 7 |  7.1
Transmutations | 1 2 3 4 5 6 7 |  7.1
Fire Magic     | 1 2 3 4 5 6 7 |  7.1
Ice Magic      | 1 2 3 4 5 6 7 |  7.1
Air Magic      | 1 2 3 4 5 6 7 |  7.1
Earth Magic    | 1 2 3 4 5 6 7 |  7.1
Poison Magic   | 1 2 3 4 5 6 7 |  7.1
Evocations     | 3 4 5 6 7 8 9 |  9.0
Fighting       | 5 6 7 8 9 |  9.7
Crossbows      | 7 8 9 10 | 10.7

Action                   |  1- 3 |  4- 6 |  7- 9 | 10-12 | 13-15 || total
-------------------------+-------+-------+-------+-------+-------++-------
Melee: Dagger            |    13 |    49 |   357 |    72 |       ||   491
       Bite              |     1 |     8 |    53 |    72 |    25 ||   159
       Hand axe          |       |       |    88 |       |       ||    88
       Punch             |       |       |     4 |     1 |       ||     5
       Kick              |       |       |    91 |    95 |       ||   186
       Battleaxe         |       |       |       |   407 |   214 ||   621
       Quarterstaff      |       |       |       |     9 |       ||     9
       Headbutt          |       |       |       |       |    11 ||    11
 Fire: Hand crossbow     |    30 |    41 |    73 |       |       ||   144
       Arbalest          |       |       |       |     4 |    16 ||    20
Invok: Slimify           |       |       |     1 |     7 |     8 ||    16
       Request Jelly     |       |       |       |     7 |     2 ||     9
       Cure Bad Mutation |       |       |       |     2 |       ||     2
Evoke: Wand              |       |       |       |     2 |       ||     2
  Use: Scroll            |       |       |    13 |    12 |       ||    25
       Potion            |       |       |       |     7 |     3 ||    10
 Stab: Sleeping          |       |       |     2 |       |       ||     2
       Confused          |       |       |       |    10 |     7 ||    17
       Distracted        |       |       |       |       |     1 ||     1
Armor: Robe              |     1 |       |       |       |       ||     1
       Scale mail        |     9 |    19 |       |       |       ||    28
       Chain mail        |       |    27 |   250 |   378 |   176 ||   831
       Skin              |       |       |       |       |    86 ||    86
Dodge: Dodged            |     8 |    45 |   163 |   397 |   191 ||   804
       Repelled          |       |       |       |     2 |     2 ||     4

Table legend: (Time is in decaauts)
 A = Elapsed time spent in this place.
 B = Non-inter-level travel time spent in this place.
 C = Inter-level travel time spent in this place.
 D = Time resting spent in this place.
 E = Time spent auto-exploring this place.
 F = Levels seen in this place.
 G = Mean time per level.
                   A        B        C        D        E       F      G
               +--------+--------+--------+--------+--------+-----+--------+
         Total |  18676 |  18187 |    489 |   1882 |  13278 |  17 | 1098.6 |
       Dungeon |  12349 |  11987 |    362 |   1068 |   8986 |  11 | 1122.6 |
          Lair |   6326 |   6199 |    127 |    813 |   4292 |   6 | 1054.3 |
               +--------+--------+--------+--------+--------+-----+--------+

Top non-repeatable levels by time:
  Lair:6: 2357 daAuts
    D:11: 2270 daAuts
     D:2: 1485 daAuts
  Lair:5: 1329 daAuts
     D:6: 1326 daAuts
    D:10: 1294 daAuts
     D:3: 1199 daAuts
  Lair:1: 1084 daAuts
     D:4: 1068 daAuts
  Lair:3: 958 daAuts
     D:9: 907 daAuts
     D:7: 904 daAuts
     D:1: 724 daAuts
     D:5: 595 daAuts
     D:8: 572 daAuts
